Cogmind - Beta 12 @@@ ROGUE MODE // 2023.05.22 @ 21:16:47 Player: Pakabot Result: Destroyed by as-54328 with Assembled Rifle Performance ------------- Evolutions (0) 0 Regions Visited (2) 400 Robots Destroyed (6) 30 Value Destroyed (123) 123 Prototype IDs (0) 0 Alien Tech Used (0) 0 Bonus (0) 0 TOTAL SCORE: 553 Bonus ------- None Cogmind --------- Core Integrity 0/250 Matter 300/300 Energy 100/100 System Corruption 9% Temperature Cool (20) Movement Core (100) Ox1 Location -10/Mines Parts ------- > --- POWER (1) -------- (None) > --- PROPULSION (2) --- (None) > --- UTILITY (2) ------ Small Storage Unit > --- WEAPON (2) ------- (None) > --- INVENTORY (8) ---- (None) Peak State ------------ > --- POWER ------------ Light Ion Engine > --- PROPULSION ------- Light Treads Light Treads > --- UTILITY ---------- Small Storage Unit Small Storage Unit > --- WEAPON ----------- EM Pulse Gun Small Laser > --- INVENTORY -------- Light Ion Engine Light Assault Rifle [Rating: 7] Favorites ----------- Power Light Ion Engine Engine Light Ion Engine Propulsion Light Treads Treads Light Treads Utility Small Storage Unit Storage Small Storage Unit Weapon Small Laser Energy Gun Small Laser Ballistic Gun Light Assault Rifle Build | -11 -10 -10 ------- Run | Jun Mat Min Slots Evolved . | . . . Power . | . . . Propulsion . | . . . Utility . | . . . Weapon . | . . . Parts Attached 10 | 7 . 3 Power 2 | 1 . 1 Engine 2 | 1 . 1 Core . | . . . Reactor . | . . . Propulsion 2 | 2 . . Treads 2 | 2 . . Leg . | . . . Wheel . | . . . Hover . | . . . Flight . | . . . Utility 2 | 2 . . Device . | . . . Storage 2 | 2 . . Processor . | . . . Hackware . | . . . Protection . | . . . Artifact . | . . . Weapon 4 | 2 . 2 Energy Gun 2 | 2 . . Energy Cannon . | . . . Ballistic Gun 2 | . . 2 Ballistic Cannon . | . . . Launcher . | . . . Special Weapon . | . . . Impact Weapon . | . . . Slashing Weapon . | . . . Piercing Weapon . | . . . Special Melee Weapon . | . . . Unidentified Prototypes . | . . . Parts Lost 9 | . . 9 Power 2 | . . 2 Propulsion 2 | . . 2 Utility 1 | . . 1 Weapon 4 | . . 4 Highest Loss Streak 6 | . . 6 To Critical Strikes . | . . . Average Slot Usage (%) 91 | . 100 88 Engine 11 | . 14 10 Treads 24 | . 28 23 Storage 27 | . 28 26 Energy Gun 22 | . 28 20 Ballistic Gun 4 | . . 5 Naked Turns . | . . . Heaviest Build 16 | 16 16 16 Greatest Support 40 | 40 40 40 Greatest Overweight (x) 1 | . . 1 Average Overweight (x) . | . . . Largest Inventory Capacity 8 | 8 8 8 Average Capacity 7 | 7 8 8 Most Carried 5 | 5 3 3 Average Carried 2 | 1 2 2 Final Capacity 8 | 8 8 8 Final Carried 2 | 2 2 . Class Distribution -------------------- 100% | Mutant Dominant Class ---------------- Mutant | -10/Materials Mutant | -10/Mines Resources | -11 -10 -10 ----------- Run | Jun Mat Min Matter Collected 303 | 266 . 37 Remotely . | . . . Salvage Created 252 | 55 39 158 Parts 7 | 2 2 3 Haulers Intercepted . | . . . Recyclers Shooed . | . . . Parts Field Recycled . | . . . Retrieved Matter . | . . . Parts Self-Destructed . | . . . Prevented . | . . . Kills | -11 -10 -10 ------- Run | Jun Mat Min Combat Hostiles Destroyed 11 | . 1 10 Melee 1 | . . 1 Guns 10 | . 1 9 Classes Destroyed 5 | 1 1 3 Recycler 1 | 1 . . Swarmer 3 | . . 3 Grunt 1 | . 1 . Demolisher 1 | . . 1 Assembled 6 | . . 6 Best Kill Streak 3 | 1 1 3 Combat Bots Only 3 | . 1 3 Max Kills in Single Turn 1 | 1 1 1 Gunslinging . | . . . Exploded . | . . . Melee 1 | . . 1 Uniques/NPCs Destroyed . | . . . Combat | -11 -10 -10 -------- Run | Jun Mat Min Damage Taken 1098 | . 34 1064 Core 256 | . . 256 Absorbed by Shields . | . . . Core Remaining (%) 100 | 100 . . Volleys Fired 41 | . 3 38 Largest 2 | . 2 2 Hottest 80 | . 80 80 Shots Fired 64 | . 6 58 Gun 64 | . 6 58 Cannon . | . . . Launcher . | . . . Special . | . . . Kinetic 26 | . . 26 Thermal 29 | . 3 26 Explosive . | . . . Electromagnetic 9 | . 3 6 Robot Hit Streak 6 | . 2 6 Robot Miss Streak 4 | . 1 4 Penetration Max . | . . . Secondary Targets 1 | . . 1 Max Gunslinging Chain 1 | . . 1 Shots Hit Robots 36 | . 4 32 Core Hits 22 | 1 1 20 Critical Kills . | . . . Critical Parts Destroyed . | . . . Critical Strikes 1 | . . 1 Corrupt 1 | . . 1 Melee Attacks . | . . . Impact . | . . . Slashing . | . . . Piercing . | . . . Sneak Attacks . | . . . Combat Hostiles . | . . . Follow-up Attacks . | . . . Damage Inflicted 413 | 11 55 347 Guns 382 | . 51 331 Cannons . | . . . Explosions . | . . . Melee . | . . . Ramming 31 | 11 4 16 Kinetic 93 | . . 93 Thermal 228 | . 23 205 Explosive . | . . . Electromagnetic 61 | . 28 33 Impact . | . . . Slashing . | . . . Piercing . | . . . Highest Corruption 9 | . . 9 Average Corruption 7 | . . 7 Corruption Purged . | . . . Corruption Blocked . | . . . Effects 2 | . . 2 Message Errors 1 | . . 1 Matter Fused 1 | . . 1 Overload Shots . | . . . Overflow Damage . | . . . Projectiles . | . . . Explosions . | . . . Melee . | . . . Knockbacks . | . . . Impact . | . . . Kinetic . | . . . Secondary . | . . . Self-Inflicted Damage 6 | . . 6 Shots . | . . . Rammed 9 | 1 2 6 Targets Rammed 10 | 2 2 6 Kicked . | . . . Crushed 1 | 1 . . Highest Temperature 72 | . 72 54 Average Temperature 21 | . 40 17 Received Heat Transfer 118 | . 18 100 Siege Activations . | . . . Robots Corrupted . | . . . Combat Hostiles . | . . . Parts Fried . | . . . Impact Corruptions . | . . . Robots Melted . | . . . Combat Hostiles . | . . . Parts Melted . | . . . Heat Transferred 525 | . 50 475 Parts Sabotaged . | . . . Parts Stolen . | . . . Parts Stripped . | . . . Power Chain Reactions . | . . . Missiles Intercepted . | . . . Alert | -11 -10 -10 ------- Run | Jun Mat Min Peak Influence 98 | 5 48 98 Initial 18 | . 3 18 Average 51 | 2 28 78 Maximum Alert Level . | . . . Low Security (%) 100 | 100 100 100 Level 1 . | . . . Level 2 . | . . . Level 3 . | . . . Level 4 . | . . . Level 5 . | . . . High Security . | . . . Max Security . | . . . Squads Dispatched 2 | . 2 . Investigation . | . . . Extermination . | . . . Reinforcement 2 | . 2 . Assault . | . . . Garrison . | . . . Intercept . | . . . Searches Triggered . | . . . Construction Impeded . | . . . Haulers Reinforced . | . . . Active Scanning Responses . | . . . Cargo Convoy Interrupts . | . . . Stealth | -11 -10 -10 --------- Run | Jun Mat Min Distress Signals . | . . . Communications Jammed . | . . . Distress Signals . | . . . Times Spotted 17 | . 4 13 Peak Tracking Total 3 | . 2 3 Tactical Retreats . | . . . Traps | -11 -10 -10 ------- Run | Jun Mat Min Traps Triggered . | . . . Indirectly . | . . . Trap Hack Attempts . | . . . Triggered . | . . . Disarmed . | . . . Reprogrammed . | . . . Reused . | . . . Traps Extracted . | . . . Installed . | . . . Triggered . | . . . Machines | -11 -10 -10 ---------- Run | Jun Mat Min Machines Disabled . | . . . Max in Single Turn . | . . . Machines Repaired . | . . . Machines Sabotaged . | . . . Overloaded Fab Kills . | . . . Hacking | -11 -10 -10 --------- Run | Jun Mat Min Machines Accessed . | . . . Terminals . | . . . Fabricators . | . . . Repair Stations . | . . . Recycling Units . | . . . Scanalyzers . | . . . Garrison Access . | . . . Total Hacks . | . . . Successful . | . . . Failed . | . . . Catastrophic . | . . . Database Lockouts . | . . . Manual . | . . . Terminals . | . . . Fabricators . | . . . Repair Stations . | . . . Recycling Units . | . . . Scanalyzers . | . . . Garrison Access . | . . . Terminal Hacks . | . . . Fabricator Hacks . | . . . Repair Station Hacks . | . . . Recycling Unit Hacks . | . . . Scanalyzer . | . . . Garrison Access Hacks . | . . . Unauthorized Hacks . | . . . Terminals . | . . . Fabricators . | . . . Repair Stations . | . . . Recycling Units . | . . . Scanalyzers . | . . . Garrison Access . | . . . Data Cores Recovered . | . . . Used . | . . . Hacking Detections . | . . . Full Trace Events . | . . . Feedback Events . | . . . Feedback Blocked . | . . . Robot Schematics Acquired . | . . . Robots Built . | . . . Authchips . | . . . Time . | . . . Total Robot Build Rating . | . . . Part Schematics Acquired . | . . . Parts Built . | . . . Authchips . | . . . Time . | . . . Total Part Build Rating . | . . . Parts Repaired . | . . . Time . | . . . Parts Recycled . | . . . Recycled Matter . | . . . Retrieved Matter . | . . . Retrieved Components . | . . . Parts Scanalyzed . | . . . Part Schematics Acquired . | . . . Parts Damaged . | . . . Bothacking | -11 -10 -10 ------------ Run | Jun Mat Min Used RIF Installer . | . . . Robots Hacked . | . . . Non-combat . | . . . Combat . | . . . Robot Hacks Applied . | . . . Relay Couplers Released . | . . . Fabnet Peak Effective % . | . . . Robots Rewired . | . . . Allies Hacked . | . . . Hacks Repelled . | . . . Allies | -11 -10 -10 -------- Run | Jun Mat Min Total Allies . | . . . Largest Group . | . . . Highest-Rated Group . | . . . Highest-Rated Ally . | . . . Total Orders . | . . . Ally Attacks . | . . . Total Damage . | . . . Kills . | . . . Allies Corrupted . | . . . Allies Melted . | . . . Intel | -11 -10 -10 ------- Run | Jun Mat Min Robot Analysis Total . | . . . Derelict Logs Recovered 1 | . . 1 Drone Launches . | . . . Drone Recoveries . | . . . Exploration | -11 -10 -10 ------------- Run | Jun Mat Min Turns Passed 557 | 110 133 314 Spaces Moved 296 | 86 75 135 Core 47 | 43 . 4 Treads 249 | 43 75 131 Legs . | . . . Wheels . | . . . Hover . | . . . Flight . | . . . Fastest Speed 50 | 50 160 100 Average Speed 143 | 105 160 158 Slowest Speed 160 | 160 160 160 Overloaded Moves . | . . . Propulsion Burnouts . | . . . Robots Hopped . | . . . Cave-ins Triggered . | . . . Exploration Rate (%) 17 | 6 18 27 Regions Visited 2 Branch Regions 1 Pre-discovered Areas . | . . . Known Exits Taken . | . . . Unknown Exits Taken 2 | 1 1 . Scrap Searched . | . . . Spaces Dug . | . . . Terrain Destroyed . | . . . Melee . | . . . Projectile . | . . . AOE . | . . . Terrain Rammed . | . . . Walls Destroyed . | . . . Machines Disabled . | . . . Actions | -11 -10 -10 --------- Run | Jun Mat Min Total 369 | 105 81 183 Wait . | . . . Move 294 | 85 74 135 Hop . | . . . Pick Up 12 | 10 1 1 Fast Attach . | . . . Attach 10 | 7 . 3 Detach . | . . . Swap . | . . . Drop 2 | 1 1 . Fire 41 | . 3 38 Melee . | . . . Ram 6 | . . 6 Kick . | . . . Crush 4 | 2 2 . Escape Stasis . | . . . Rewire . | . . . Trap . | . . . Miscellaneous . | . . . Route ------- -11/Junkyard -10/Materials -10/Mines History --------- Turn | Location | Event 7 | -11/Junkyard | Discovered new exit (range 16) 111 | -11/Junkyard | Entered Materials 220 | -10/Materials | Discovered new exit (range 15) 244 | -10/Materials | Entered Mines 314 | -10/Mines | Build established: Mutant 362 | -10/Mines | Assembled infested the area 499 | -10/Mines | Learned 4 Materials zone layouts 540 | -10/Mines | Core integrity fell below 50% 548 | -10/Mines | Core integrity fell below 20% 558 | -10/Mines | Destroyed by as-54328 with Assembled Rifle Last Messages --------------- Data stored: Materials zone layouts (x4). Lgt. Assault Rifle destroyed. System corrupted by crushing effect (+2). System corrupted: Matter fused (-8). Sml. Storage Unit destroyed. System corrupted by crushing effect (+2). Lgt. Ion Engine destroyed. System corrupted by crushing effect (+2). Sml. Laser destroyed. System corrupted by crushing effect (+3). as-97989 destroyed. Lgt. Treads destroyed. B2Q4WH WUK N0#XKN5I327 UDXCNA Slammed into as-52078. as-52078 destroyed. Acquired 6 matter. Lgt. Assault Rifle destroyed. Slammed into as-54328. Slammed into as-73161. Slammed into as-54328. Map ----- +----------------------------------------------------+ | ?????????????????????????????????????????????????? | | ?????????????????????????????????????????????????? | | ?????????????????????????????????????????????????? | | ?????????????????????????????????????????????????# | | ????????????????????????????????????????????????## | | ???????????????????????????????????????????????## | | ???????????????????????????????????????????????# | | ???????????????????????????????????????????????# | | ???????????????????????????????????????????????## | | ?????????????????????###????????????????????????## | | ?????????????????????# ?????????????????????????# | | ?????????????????????# ?????????????????????##### | | ?????????????????????# ?????????????????????# | | ?????????????????????? #????????????????????# ### | | ?????????????????????? ##??????????????????# #?? | | ?????????????????????? #????????????????### ### | | ??????????????????????? #???????????????## # # # | | ??????????????????????? #???????????##### | | ???????????????????????# #??????????## # # | | ????????????????# ????# #?????????## | | ????????????????# ### #?????????# | | ???????????????????? #?????????# # ## | | ???????????????????????#a%#?????????## | | ???????????????????????# %#??????????# # | | ???????????????????????# %#??????????# ### ## | | ???????????????????????#a@############# #?##? | | ???????????????????????# % != #?# ##???# | | ???????????????????????# !%!% #?# ###???## | | ???????????????????????###########* #?# ##????# | | ?????????????????????????????????# ### ##???# | | ??????????????????????????######## # #???## | | ??????????????????????????# % #????# | | ?????????????????????????# = %% #????? | | ?????????????????????????# ##????? | | ?????????????????????????# ###?????? | | ?????????????????????????# % ##??????? | | ?????????????????????????# =%* #???????## | | ?????????????????????????## != #????????? | | ??????????????????????????# =%* ##????????? | | ??????????????????????????# ###?????????? | | ??????????????????????????# # #??????????? | | ??????????????????????????# ###??????????? | | ??????????????????????????# "%"#????????????? | | ??????????????????????????! #????????????? | | ?????????????????????????##% ##????????????? | | ???????????????????????????! %??????????????? | | ?????????????????????????????? %??????????????? | | ???????????????????????????????? ??????????????? | | ?????????????????????????????????????????????????? | | ?????????????????????????????????????????????????? | +----------------------------------------------------+ Best States ------------- Heat Dissipation 25 Energy Generation 10 Energy Capacity 125 Matter Stores 300 Matter Capacity 300 Sight Range 16 Terrain Scan Density 10 Evasion (%) 50 Recoil Reduction 2 Item Schematics ----------------- None Robot Schematics ------------------ None Fabricated ------------ Nothing Alien Tech Used ----------------- None Achievements -------------- None Challenges ------------ None Game ------ Seed SigixGlidesysUnit Manual? 0 Play Time 00:07:07 Cumulative 6.5 hours Start 2023.05.22 @ 20:25:51 End 2023.05.22 @ 21:16:47 Sessions 1 Manual Loads 0 Difficulty Rogue Special Mode None Game No. 25 Rogue 25 Adventurer 0 Explorer 0 Win Type - Total 0 Types 0/0/0/0/0/0/0/0/0 Lore% 5 Gallery% 12 Achievement% 12 Wizard Run 0 Options --------- ASCII 0 Keyboard 0 Movement Arrows Keybinds 0 Fullscreen 0 Font 16/SmallcapsGlow Map View 76x50 Tactical HUD 0 Map Filters NONE Filters NONE Steam 1 RUN: 1ea4427e-7bbe-4d9d-b7cc-2f130eb6289d